 Dungeon Crawl Stone Soup version 0.30-a0-476-g330ca2eb8e (webtiles) character file.

Game seed: 16543755743910053174

13507 OTABOTABOTAB the Transmogrifier (level 11, -5/110 HPs)
             Began as a White Draconian Transmuter on Dec 22, 2022.
             Was a High Priest of Cheibriados.
             Slain by a polar bear (22 damage)
             ... on level 1 of the Lair of Beasts.
             The game lasted 00:29:14 (10119 turns).

OTABOTABOTAB the Transmogrifier (DrTm)             Turns: 10119, Time: 00:29:15

Health: -5/110     AC: 10    Str: 29    XL:     11   Next: 76%
Magic:  14/17      EV: 17    Int: 30    God:    Cheibriados [*****.]
Gold:   1302       SH:  0    Dex: 22    Spells: 0/15 levels left

rFire   . . .      SeeInvis .      - Unarmed
rCold   + + +      Faith    .    (shield currently unavailable)
rNeg    . . .      Spirit   .    (body armour unavailable)
rPois   +          Reflect  .    (helmet currently unavailable)
rElec   +          Harm     .    (cloak currently unavailable)
rCorr   .          Rampage  .    (gloves currently unavailable)
Will    .....                    (boots currently unavailable)
Stlth   ++........               o - amulet of regeneration
HPRegen 1.18/turn                j - ring of Nofacagh {rElec rF+ rC++ Int+2 Dex-2}
MPRegen 0.15/turn                E - +4 ring of evasion

@: ice-form, very slow
A: freezing attack, amphibious, boosted hp, (breathe frost), AC +7, large,
unfitting armour, (cold resistance 1), (cold-blooded)
a: End Transformation, Renounce Religion, Bend Time, Temporal Distortion,
Slouch, Step From Time


You were on level 1 of the Lair of Beasts.
You worshipped Cheibriados.
Cheibriados was extremely pleased with you.
You were a creature of crystalline ice.
You visited 3 branches of the dungeon, and saw 12 of its levels.

You collected 1942 gold pieces.
You spent 640 gold pieces at shops.

Inventory:

Missiles
 a - a boomerang
 c - 41 poisoned darts
 m - 5 boomerangs of dispersal {=f}
 s - 17 stones (quivered)
Armour
 d - a scarf of repulsion (melded)
   (You found it on level 4 of the Dungeon)
 n - a +1 pair of gloves (melded)
   (You found it on level 4 of the Dungeon)
Jewellery
 j - the ring of Nofacagh (left front paw) {rElec rF+ rC++ Int+2 Dex-2}
   (You bought it in a shop on level 3 of the Dungeon)

   [ring of protection from fire]

   Int:       It affects your intelligence (+2).
   Dex:       It affects your dexterity (-2).
   rF:        It protects you from fire.
   rC:        It greatly protects you from cold.
   rElec:     It insulates you from electricity.
 o - an amulet of regeneration (around neck)
   (You found it on level 2 of the Dungeon)
 E - a +4 ring of evasion (right front paw)
   (You found it on level 6 of the Dungeon)
Wands
 e - a wand of charming (5)
   (You found it on level 1 of the Lair of Beasts)
 h - a wand of acid (3)
   (You found it on level 9 of the Dungeon)
 i - a wand of iceblast (16)
   (You took it off a hobgoblin on level 4 of the Dungeon)
 q - a wand of flame (11)
   (You found it on level 1 of the Lair of Beasts)
Scrolls
 g - a scroll of enchant armour
 l - 4 scrolls of identify {@r1}
 t - a scroll of fog
 D - a scroll of blinking {!r}
 O - a scroll of silence
 V - 2 scrolls of vulnerability {!r!r}
 X - 4 scrolls of magic mapping {@r4!r}
 Y - 5 scrolls of teleportation {@r3}
Potions
 b - 3 potions of attraction {!q}
 p - 2 potions of magic
 B - a potion of brilliance
 G - a potion of ambrosia {!q}
 J - 4 potions of curing {@q1}
 L - a potion of flight
 M - 2 potions of might
 N - 3 potions of heal wounds {@q2}
 P - 4 potions of lignification {!q}
 R - a potion of resistance
 T - 2 potions of berserk rage {!q}
 U - 5 potions of mutation {!q}
Miscellaneous
 w - a phial of floods
   (You found it on level 9 of the Dungeon)


   Skills:
 - Level 7.3 Fighting
 - Level 5.4 Dodging
 - Level 9.0 Unarmed Combat
 - Level 2.8 Spellcasting
 - Level 10.0 Transmutations
 - Level 5.0 Ice Magic
 + Level 5.9 Air Magic
 - Level 3.0 Poison Magic
 - Level 8.1 Invocations


You couldn't memorise any spells.
You knew the following spells:

 Your Spells              Type           Power      Damage    Failure   Level
a - Beastly Appendage     Tmut           100%       N/A       1%          1
b - Ice Form              Ice/Tmut       49%        N/A       3%          4
c - Spider Form           Tmut/Pois      43%        N/A       1%          3
d - Storm Form            Tmut/Air       25%        N/A       93%         7

Your spell library contained the following spells:

 Spells                   Type           Power      Damage    Failure   Level
 Wereblood                Tmut           59%        N/A       1%          2
 Apportation              Tloc           8%         N/A       8%          1
 Slow                     Hex            16%        N/A       8%          1
 Blink                    Tloc           8%         N/A       11%         2
 Momentum Strike          Conj/Tloc      8%         3d8       11%         2
 Alistair's Intoxication  Tmut/Pois      28%        N/A       14%         5
 Confusing Touch          Hex            4%         N/A       22%         3
 Inner Flame              Hex/Fire       4%         N/A       22%         3
 Lesser Beckoning         Tloc           8%         N/A       22%         3
 Vampiric Draining        Necr           4%         2d6       22%         3
 Flame Wave               Conj/Fire      4%         2d5       58%         4
 Manifold Assault         Tloc           4%         N/A       58%         4
 Sticky Flame             Conj/Fire      4%         2d3       58%         4


Dungeon Overview and Level Annotations

Branches:
Dungeon (10/15)            Temple (1/1) D:4            Lair (1/5) D:10
    Orc: D:9-12

Altars:
Ashenzari
Cheibriados
Dithmenos
Elyvilon
Fedhas
Gozag
Hepliaklqana
Kikubaaqudgha
Makhleb
Nemelex Xobeh
Okawaru
Qazlal
Ru
Sif Muna
Trog
Uskayaw
Vehumet
Wu Jian
Xom
Yredelemnul
Zin
The Shining One

Shops:
D:3 =   D:7 !   D:10 !

Annotations:
Temple 2 transporters


Innate Abilities, Weirdness & Mutations

You are a creature of crystalline ice.
You have a powerful freezing melee attack.
You are amphibious.
Your maximum health is increased.
Your armour is entirely melded.
You are incapable of wielding weapons or throwing items.
((You can breathe waves of freezing cold which knock back foes.))
((Your icy white scales are hard. (AC +7)))
You cannot fit into any form of body armour.
((Your flesh is cold resistant. (rC+)))
((You are cold-blooded and may be slowed by cold attacks.))


Message History

You miscast Ice Form.
You are very lightly contaminated with residual magic.
Nothing appears to happen.
You now have 13/17 mp.
You turn into a creature of crystalline ice.
Your scarf of repulsion melds into your body.
Your +1 pair of gloves melds into your body.
The haze of the repulsion field disappears.
The cane toad gives a loud, deep croak!
You now have 110/110 hp.
Unknown command.
You barely miss the cane toad. The cane toad misses you.
You hit the cane toad but do no damage. The cane toad stings you.
You take 6 damage, and have 104/110 hp.
You hit the cane toad. You freeze the cane toad.
The cane toad stings you but does no damage.
You punch the cane toad! You freeze the cane toad. The cane toad misses you.
You pummel the cane toad!! You freeze the cane toad.
You kill the cane toad!
Cheibriados appreciates the change of pace.
Your magical contamination has completely faded away.
No target in view!
Unknown command.
You warm up again.
Your scarf of repulsion unmelds from your body.
Your +1 pair of gloves unmelds from your body.
You are surrounded by a repulsion field.
You now have 91/92 hp.
You see here a cane toad corpse.
You open the door.
There is an open door here.
You see here a +0 giant spiked club. 3 polar bears come into view.
Health restored: 92; MP restored: 17
There are monsters nearby!
There are monsters nearby!
You turn into a creature of crystalline ice.
Your scarf of repulsion melds into your body.
Your +1 pair of gloves melds into your body.
The haze of the repulsion field disappears.
The polar bear growls angrily. x2
You now have 110/110 hp.
The polar bear completely misses you.
The polar bear claws you but does no damage.
The polar bear completely misses you. The polar bear bites you!
The polar bear closely misses you. The polar bear completely misses you.
You take 9 damage, and have 101/110 hp.
You pummel the polar bear!! The polar bear bites you!
The polar bear claws you but does no damage.
The polar bear misses you. The polar bear closely misses you.
The polar bear claws you but does no damage.
The polar bear claws you.
You take 12 damage, and have 89/110 hp.
Unknown command.
You hit the polar bear but do no damage.
The polar bear closely misses you. x2
The polar bear claws you but does no damage.
The polar bear closely misses you.
The polar bear claws you but does no damage. x2
You barely miss the polar bear. The polar bear bites you.
The polar bear claws you but does no damage.
The polar bear closely misses you. The polar bear bites you!
The polar bear closely misses you. The polar bear barely misses you.
You take 14 damage, and have 76/110 hp.
You pummel the polar bear!! You freeze the polar bear.
You kill the polar bear!
Cheibriados appreciates the change of pace.
You pummel the polar bear!! You freeze the polar bear.
The polar bear goes berserk!
The polar bear misses you. The polar bear claws you.
The polar bear closely misses you.
You punch the polar bear! You freeze the polar bear. The polar bear bites you.
The polar bear closely misses you. The polar bear barely misses you.
You take 3 damage, and have 74/110 hp.
You hit the polar bear but do no damage.
The polar bear bites you! The polar bear claws you.
The polar bear claws you but does no damage.
The polar bear misses you.
The polar bear claws you but does no damage.
The polar bear completely misses you.
You take 9 damage, and have 65/110 hp.
You are too injured to fight recklessly!
Unknown command.
You are too injured to fight recklessly!
You are too injured to fight recklessly!
You punch the plant!
The plant begins to die.
You freeze the plant. The polar bear bites you!! The polar bear misses you.
The polar bear completely misses you. The polar bear bites you!
* * * LOW HITPOINT WARNING * * *
The polar bear barely misses you. x2
You take 34 damage, and have 31/110 hp.
MASSIVE DAMAGE!!
You hit the polar bear but do no damage.
The polar bear bites you!
* * * LOW HITPOINT WARNING * * *
The polar bear claws you but does no damage.
The polar bear completely misses you. The polar bear closely misses you.
The polar bear claws you but does no damage.
The polar bear completely misses you. The polar bear bites you!!
You die...

....##.............#.....
......
.............#.#.###.#...
.......
............####.#
#.............
...#.......##....#
###....#......
..##.......#.....#..#
.##....
..##.......#...###..##
.....
..........##...#.....#
.....
.....#.#..##.###.#...#
### ....#####.##.#..Yh#
...## #..#...#Ph(# ...#
#..#...#?.#### ...##
#..#..P#..#..# ....#
##....##.)#..# ...##
#.#..#####..# .. ....#
#.#...###...# ..# ....#
#.##........#)... ..####
#.###.##..###....


You could see 2 polar bears.

Vanquished Creatures
  A two-headed ogre (D:10)
  A cyclops (D:10)
  A black mamba (Lair:1)
  3 cane toads (Lair:1)
  2 komodo dragons (Lair:1)
  An unseen horror (D:10)
  A troll (D:10)
  7 polar bears (Lair:1)
  A hornet (D:10)
  Sigmund (D:5)
  2 shadows
  2 basilisks (Lair:1)
  18 yaks
  A warg (D:10)
  Edmund (D:4)
  An acid dragon (D:10)
  A water moccasin (D:7)
  6 ice beasts
  4 orc warriors
  10 black bears
  A sky beast (D:7)
  An ogre (D:5)
  3 centaurs
  2 phantoms
  3 kobold brigands (D:8)
  Blork the orc (D:6)
  3 bullfrogs
  A gnoll sergeant (D:8)
  2 necrophages
  2 scorpions (D:5)
  8 wights
  6 killer bees
  A howler monkey (D:4)
  5 jellies
  3 hounds
  3 orc priests
  3 iguanas
  7 orc wizards
  7 hell rats (Lair:1)
  15 gnolls
  8 adders
  2 shadow imps
  A white imp (D:7)
  An ufetubus (D:6)
  2 worms (D:3)
  3 dart slugs
  30 orcs
  3 bats
  8 endoplasms
  5 giant cockroaches
  4 goblins
  12 hobgoblins
  4 jackals (D:2)
  24 kobolds
  2 quokkas
  5 ball pythons
  A frilled lizard (D:1)
  2 rats
259 creatures vanquished.

Vanquished Creatures (others)
  A plant (D:2)
1 creature vanquished.

Grand Total: 260 creatures vanquished

Notes
Turn   | Place    | Note
-------+----------+-------------------------------------------
     0 | D:1      | OTABOTABOTAB the Draconian Transmuter began the quest for
                  | the Orb.
     0 | D:1      | Reached XP level 1. HP: 16/16 MP: 3/3
    60 | D:1      | Reached XP level 2. HP: 23/23 MP: 3/5
   791 | D:2      | Reached XP level 3. HP: 28/28 MP: 4/6
   795 | D:2      | Learned a level 3 spell: Spider Form
   840 | D:2      | Found a faded altar of an unknown god.
  1167 | D:2      | Reached skill level 3 in Transmutations
  1168 | D:2      | Reached skill level 1 in Poison Magic
  1174 | D:2      | Reached XP level 4. HP: 35/35 MP: 7/7
  1178 | D:2      | Reached skill level 4 in Unarmed Combat
  1800 | D:3      | Reached XP level 5. HP: 18/40 MP: 6/8
  1805 | D:3      | Learned a level 4 spell: Ice Form
  1919 | D:3      | Found a glowing golden altar of the Shining One.
  1920 | D:3      | Found a sparkling altar of Nemelex Xobeh.
  2005 | D:3      | Found Beqol's One-of-a-Kind Rings.
  2252 | D:4      | Reached skill level 1 in Ice Magic
  2252 | D:4      | Reached skill level 2 in Poison Magic
  2310 | D:4      | Reached skill level 4 in Transmutations
  2355 | D:4      | Found an iron altar of Okawaru.
  2434 | D:4      | Reached XP level 6. HP: 46/47 MP: 7/9
  2506 | D:4      | Found a staircase to the Ecumenical Temple.
  2511 | Temple   | Entered the Ecumenical Temple
  2511 | Temple   | Found a transporter.
  2511 | Temple   | Found a transporter.
  2513 | Temple   | Found a transporter.
  2513 | Temple   | Found a transporter.
  2544 | Temple   | Became a worshipper of Cheibriados the Contemplative
  2893 | D:4      | Noticed Edmund
  2903 | D:4      | Killed Edmund
  2904 | D:4      | Reached skill level 5 in Unarmed Combat
  2904 | D:4      | Reached skill level 2 in Ice Magic
  2904 | D:4      | Reached skill level 1 in Invocations
  2912 | D:4      | Identified the ring "Juesergh" {Ice Str+3 Int+2}
  2965 | D:5      | Entered Level 5 of the Dungeon
  2985 | D:4      | Reached skill level 3 in Poison Magic
  2985 | D:4      | Your scales start taking on an icy white colour.
  2985 | D:4      | Reached XP level 7. HP: 35/52 MP: 6/10
  2985 | D:4      | Gained mutation: Your flesh is cold resistant. (rC+) [White
                  | Draconian growth]
  3025 | D:5      | Reached skill level 3 in Ice Magic
  3025 | D:5      | Reached skill level 2 in Invocations
  3044 | D:5      | Noticed Sigmund
  3168 | D:5      | Reached skill level 5 in Transmutations
  3183 | D:5      | Reached * piety under Cheibriados
  3224 | D:5      | Reached skill level 4 in Ice Magic
  3224 | D:5      | Reached skill level 3 in Invocations
  3557 | D:5      | Reached XP level 8. HP: 47/59 MP: 7/11
  3749 | D:5      | Found a hazy altar of Hepliaklqana.
  4286 | D:5      | Reached skill level 6 in Unarmed Combat
  4523 | D:5      | Killed Sigmund
  4706 | D:6      | Reached skill level 2 in Fighting
  4706 | D:6      | Reached skill level 5 in Ice Magic
  4706 | D:6      | Reached skill level 4 in Invocations
  4820 | D:6      | Reached skill level 6 in Transmutations
  5150 | D:6      | Noticed Blork the orc
  5153 | D:6      | Reached skill level 3 in Fighting
  5185 | D:6      | HP: 15/63 [Blork the orc/+0 glaive (13)]
  5189 | D:6      | Killed Blork the orc
  5203 | D:6      | Reached skill level 5 in Invocations
  5203 | D:6      | Reached XP level 9. HP: 35/70 MP: 7/12
  5247 | D:6      | Reached ** piety under Cheibriados
  5745 | D:7      | Reached skill level 7 in Unarmed Combat
  5747 | D:7      | Reached skill level 4 in Fighting
  5747 | D:7      | Reached skill level 2 in Dodging
  6046 | D:7      | Found Izidoac's Distillery.
  6057 | D:7      | Bought a potion of heal wounds for 75 gold pieces
  6217 | D:7      | You fall into a shaft and drop 1 floor!
  6235 | D:8      | Reached skill level 7 in Transmutations
  6315 | D:7      | Reached *** piety under Cheibriados
  6351 | D:7      | Reached skill level 3 in Dodging
  6446 | D:7      | Reached skill level 6 in Invocations
  6590 | D:7      | Reached skill level 5 in Fighting
  6931 | D:8      | Reached **** piety under Cheibriados
  7264 | D:8      | Reached XP level 10. HP: 81/81 MP: 9/14
  7371 | D:8      | Found an ornate altar of the Wu Jian Council.
  7645 | D:9      | Reached skill level 4 in Dodging
  7645 | D:9      | Reached skill level 8 in Unarmed Combat
  7662 | D:9      | Reached skill level 7 in Invocations
  7667 | D:9      | Reached skill level 6 in Fighting
  7946 | D:9      | Reached skill level 8 in Transmutations
  8173 | D:10     | Entered Level 10 of the Dungeon
  8238 | D:10     | Identified 3 scrolls of acquirement
  8239 | D:10     | Acquired 767 gold pieces
  8241 | D:10     | Acquired an Inescapable Atlas
  8243 | D:10     | Acquired 686 gold pieces
  8454 | D:3      | Bought the ring of Nofacagh {rElec rF+ rC++ Int+2 Dex-2}
                  | for 565 gold pieces
  8609 | D:10     | Noticed a two-headed ogre
  8617 | D:10     | Killed a two-headed ogre
  8691 | D:10     | Reached skill level 5 in Dodging
  8754 | D:10     | Noticed a cyclops
  8774 | D:10     | Reached skill level 7 in Fighting
  8780 | D:10     | Killed a cyclops
  8781 | D:10     | Reached XP level 11. HP: 90/92 MP: 16/16
  8815 | D:10     | Reached ***** piety under Cheibriados
  8843 | D:10     | Reached skill level 8 in Invocations
  8876 | D:10     | Reached skill level 9 in Unarmed Combat
  8922 | D:10     | Identified the +4 war axe "Lounun" {vorpal, Fragile rC+
                  | Will+ MP+9}
  8951 | D:10     | Found Remig's Distillery.
  9038 | D:10     | Found a staircase to the Lair.
  9299 | D:10     | Learned a level 7 spell: Storm Form
  9307 | Lair:1   | Entered Level 1 of the Lair of Beasts
  9340 | Lair:1   | Reached skill level 9 in Transmutations
  9340 | Lair:1   | Reached skill level 1 in Air Magic
  9386 | Lair:1   | Reached skill level 2 in Air Magic
  9548 | Lair:1   | Reached skill level 3 in Air Magic
  9627 | Lair:1   | Reached skill level 4 in Air Magic
  9783 | Lair:1   | Reached skill level 10 in Transmutations
  9881 | Lair:1   | Reached skill level 5 in Air Magic
 10119 | Lair:1   | HP: 17/110 [polar bear (15)]
 10119 | Lair:1   | Slain by a polar bear

Illustrated notes

Levels and vault maps discovered:
D:1:      giann_wishing_wells, layout_basic, minmay_tetromino_s4
D:2:      layout_basic, hellmonk_ecumenical_altar_prayer_group,
          nicolae_grassy_gnolls
D:3:      layout_rooms, amethyst_overflow_temple_binary,
          nicolae_shop_unique_rings
D:4:      layout_basic, okawaru_altar_gauntlet_db, temple_doors_e, uniq_edmund
D:5:      layout_loops_corners, nzn_hepliaklqana_mist_gate, minmay_holes,
          minmay_statues_item, grunt_ministairs_11, uniq_sigmund
D:6:      layout_loops_ring, chequers_serial_rivers_micro_e, sword_in_stone
D:7:      layout_loops_ring, serial_shops, nicolae_shop_waterfront
D:8:      layout_loops_cross, mainiacjoe_overflow_alcove_4
D:9:      layout_rooms
D:10:     layout_rooms, erik_lair_orcish_takeover, hex_intersection,
          nicolae_stop_n_shop_1
Temple:   hellmonk_temple_divided_pantheon
Lair:1:   beast_lair_carwin_large_3, layout_hall_layers,
          cheibrodos_lair_lostbears, grunt_megastairs_4

Skill      XL: |  1  2  3  4  5  6  7  8  9 10 11 |
---------------+----------------------------------+-----
Transmutations | 3 4 5 6 7 8 10 | 10.0
Poison Magic   | 1 2 3 |  3.0
Unarmed Combat | 4 5 6 7 8 9 |  9.0
Ice Magic      | 1 2 4 5 |  5.0
Invocations    | 1 3 5 6 7 8 |  8.1
Fighting       | 3 5 7 |  7.3
Dodging        | 3 5 |  5.4
Air Magic      | 5 |  5.9
Spellcasting   | |  2.8

Action                   |  1- 3 |  4- 6 |  7- 9 | 10-12 || total
-------------------------+-------+-------+-------+-------++-------
Melee: Unarmed           |    75 |   182 |   261 |   240 ||   758
       Headbutt          |     8 |    15 |       |       ||    23
       Kick              |    12 |    27 |       |       ||    39
       Punch             |     2 |     4 |       |       ||     6
       Tailslap          |     7 |    12 |       |     1 ||    20
Throw: Stone             |     8 |    28 |    41 |    21 ||    98
 Cast: Beastly Appendage |    13 |    28 |       |       ||    41
       Spider Form       |       |     2 |    18 |     4 ||    24
       Ice Form          |       |       |    32 |    27 ||    59
Invok: Temporal Distorti |       |       |       |     1 ||     1
 Abil: End Transformatio |     9 |     9 |    48 |    27 ||    93
       Breathe Frost     |       |       |     1 |       ||     1
Evoke: Wand              |       |       |     1 |     3 ||     4
  Use: Scroll            |       |     4 |    12 |     7 ||    23
       Potion            |       |     1 |     3 |       ||     4
Armor: Skin              |    20 |    39 |    52 |    59 ||   170
Dodge: Dodged            |    34 |   106 |   179 |   218 ||   537
       Repelled          |       |       |     1 |       ||     1

Table legend: (Time is in decaauts)
 A = Elapsed time spent in this place.
 B = Non-inter-level travel time spent in this place.
 C = Inter-level travel time spent in this place.
 D = Time resting spent in this place.
 E = Time spent auto-exploring this place.
 F = Levels seen in this place.
 G = Mean time per level.
                   A        B        C        D        E       F      G
               +--------+--------+--------+--------+--------+-----+--------+
         Total |  12666 |  11692 |    974 |    188 |   9533 |  12 | 1055.5 |
       Dungeon |  11497 |  10523 |    974 |    185 |   8614 |  10 | 1149.7 |
        Temple |     53 |     53 |      0 |      0 |      7 |   1 |   53.0 |
          Lair |   1116 |   1116 |      0 |      3 |    911 |   1 | 1116.0 |
               +--------+--------+--------+--------+--------+-----+--------+

Top non-repeatable levels by time:
     D:5: 2175 daAuts
     D:7: 1319 daAuts
     D:6: 1317 daAuts
     D:8: 1312 daAuts
    D:10: 1153 daAuts
  Lair:1: 1116 daAuts
     D:4: 1044 daAuts
     D:9: 977 daAuts
     D:2: 811 daAuts
     D:1: 770 daAuts
     D:3: 615 daAuts
  Temple: 53 daAuts

Table legend:
 A = Kills in this place as a percentage of kills in entire the game.
 B = Kills by you in this place as a percentage of kills by you in the entire game.
 C = Kills by friends in this place as a percentage of kills by friends in the entire game.
 D = Other kills in this place as a percentage of other kills in the entire game.
 E = Experience gained in this place as a percentage of experience gained in the entire game.
 F = Experience gained in this place divided by the number of levels of this place that you have seen.
                   A       B       C       D       E      F
               +-------+-------+-------+-------+-------+----------------------
         Total | 100.0 | 100.0 |   N/A |   N/A | 100.0 | 1608.0
       Dungeon |  88.4 |  88.4 |   N/A |   N/A |  68.4 | 1319.8
          Lair |  11.6 |  11.6 |   N/A |   N/A |  31.6 | 6098.0
               +-------+-------+-------+-------+-------+----------------------
